 Dungeon Crawl Stone Soup version 0.28.0-43-g3370ac3207 (webtiles) character file.

Game seed: 11571921026824370201

7646 protoss039 the Thaumaturge (level 10, -12/56 HPs)
             Began as a Deep Elf Earth Elementalist on Mar 15, 2022.
             Was a Believer of Sif Muna.
             Hit by a large rock thrown by a cyclops (26 damage)
             ... on level 11 of the Dungeon.
             The game lasted 00:27:55 (16037 turns).

protoss039 the Thaumaturge (DEEE)                  Turns: 16037, Time: 00:27:55

Health: -12/56     AC:  7    Str:  5    XL:     10   Next: 99%
Magic:  16/28      EV: 13    Int: 25    God:    Sif Muna [**....]
Gold:   714        SH:  5    Dex: 15    Spells: 19/33 levels left

rFire   . . .      SeeInvis .   I - staff of earth
rCold   . . .      Faith    .   (no shield)
rNeg    + . .      Spirit   .   y - +1 robe {rN+}
rPois   +          Reflect  +   (no helmet)
rElec   .          Harm     .   j - +0 cloak
rCorr   .          Rampage  .   G - +0 pair of gloves
Will    +....                   P - +1 pair of boots
Stlth   ++........              u - amulet of reflection
HPRegen 0.18/turn               d - ring of poison resistance
MPRegen 0.21/turn               (no ring)

@: spiked, studying Dodging
A: no striking features
a: Renounce Religion, Channel Magic


You were on level 11 of the Dungeon.
You worshipped Sif Muna.
Sif Muna was pleased with you.
You visited 2 branches of the dungeon, and saw 12 of its levels.
You also visited: Sewer.

You collected 756 gold pieces.
You spent 42 gold pieces at shops.

Inventory:

Hand Weapons
 o - the +12 great sword of Imysm {protect, rPois Will+ rCorr Str-4}
   (You took it off a gnoll shaman on level 10 of the Dungeon)

   It grants its wielder temporary protection when it strikes (+7 to AC).
   Str:       It affects your strength (-4).
   rPois:     It protects you from poison.
   rCorr:     It protects you from acid and corrosion.
   Will:      It increases your willpower.
Missiles
 t - 138 stones
 F - a throwing net
Armour
 j - a +0 cloak (worn)
 y - a +1 robe of positive energy (worn)
 G - a +0 pair of gloves (worn)
 P - a +1 pair of boots (worn)
Magical Staves
 p - a staff of cold
 I - a staff of earth (weapon)
Jewellery
 d - a ring of poison resistance (left hand)
 r - a ring of fire
 u - an amulet of reflection (around neck)
 w - a +6 ring of strength
Wands
 B - a wand of charming (16)
 M - a wand of acid (6)
 N - a wand of iceblast (4)
Scrolls
 a - a scroll of immolation {unknown}
 b - 3 scrolls of magic mapping {unknown}
 c - 2 scrolls of enchant armour
 f - a scroll of identify
 g - 3 scrolls of amnesia
 h - a scroll of holy word {unknown}
 k - 4 scrolls of enchant weapon
 l - a scroll of vulnerability {unknown}
 n - 3 scrolls of teleportation
 v - 2 scrolls of torment {unknown}
 x - a scroll of brand weapon {unknown}
 O - a scroll of fog {unknown}
Potions
 e - a potion of cancellation {unknown}
 i - a potion of degeneration {unknown}
 m - 5 potions of curing
 q - a potion of magic {unknown}
 z - a potion of haste {unknown}
 A - a potion of berserk rage {unknown}
 C - 4 potions of lignification
 D - 3 potions of flight
 E - a potion of heal wounds {unknown}
 H - 5 potions of mutation {unknown}
 J - 3 potions of might {unknown}
 K - a potion of attraction {unknown}
 L - 4 potions of brilliance {unknown}
Miscellaneous
 s - a box of beasts


   Skills:
 + Level 4.0 Fighting
 - Level 1.5 Long Blades
 - Level 0.3(0.5) Axes
 - Level 0.5(0.6) Maces & Flails
 - Level 0.4 Slings
 - Level 1.1 Bows
 - Level 0.4 Crossbows
 - Level 3.0 Dodging
 - Level 3.0 Stealth
 - Level 12.0 Spellcasting
 - Level 6.0 Conjurations
 - Level 0.5 Hexes
 - Level 0.3 Summonings
 - Level 0.4 Necromancy
 - Level 0.6 Translocations
 - Level 2.0 Transmutations
 - Level 0.5 Fire Magic
 - Level 0.2 Air Magic
 - Level 9.1 Earth Magic
 - Level 4.0 Poison Magic
 * Level 8.1 Invocations


You had 19 spell levels left.
You knew the following spells:

 Your Spells              Type           Power      Damage    Failure   Level
a - Sandblast             Erth           100%       2d20      1%          1
b - Passwall              Tmut/Erth      49%        N/A       1%          2
c - Stone Arrow           Conj/Erth      100%       3d13      1%          3
d - Petrify               Tmut/Erth      59%        N/A       4%          4
e - Olgreb's Toxic Radia  Pois           35%        N/A       8%          4

Your spell library contained the following spells:

 Spells                   Type           Power      Damage    Failure   Level
 Blink                    Tloc           36%        N/A       4%          2
 Lesser Beckoning         Tloc           18%        N/A       9%          3
 Confusing Touch          Hex            17%        N/A       10%         3
 Ozocubu's Armour         Ice            15%        N/A       12%         3
 Yara's Violent Unravell  Hex/Tmut       10%        3d6       54%         5
 Manifold Assault         Tloc           18%        N/A       63%         5
 Enfeeble                 Hex            8%         N/A       100%        7
 Ozocubu's Refrigeration  Ice            7%         4d6       100%        7
 Ignition                 Fire           8%         3d5       100%        8


Dungeon Overview and Level Annotations

Branches:
Dungeon (11/15)            Temple (1/1) D:5            Lair (0/6) D:10
  Sewer (visited)
    Orc: D:9-12

Altars:
Ashenzari
Cheibriados
Dithmenos
Elyvilon
Fedhas
Gozag
Hepliaklqana
Kikubaaqudgha
Makhleb
Nemelex Xobeh
Okawaru
Qazlal
Ru
Sif Muna
Trog
Uskayaw
Vehumet
Wu Jian
Xom
Yredelemnul
Zin
The Shining One

Shops:
D:9 **

Annotations:
D:9 1 exclusion
D:11 Snorg


Message History

Press: ? - help, Shift-Dir - straight line, f - you
Okay, then.
A manticore comes into view.
Casting: Stone Arrow (safe; 1% risk of failure)
Confirm with . or Enter, or press ? or * to list all spells.
Aiming: Stone Arrow (safe; 1% risk of failure)
Press: ? - help, Shift-Dir - straight line, f - Snorg
Aim: Snorg (78% to hit)
You feel a surge of power!
The stone arrow hits Snorg!!
Snorg is moderately wounded.
A cyclops comes into view.
Casting: Stone Arrow (safe; 1% risk of failure)
Confirm with . or Enter, or press ? or * to list all spells.
Aiming: Stone Arrow (safe; 1% risk of failure)
Press: ? - help, Shift-Dir - straight line, f/p - Snorg
Aim: Snorg (moderately wounded, 78% to hit)
You feel a surge of power!
The stone arrow hits Snorg!!
Snorg is severely wounded.
The manticore flicks its tail.
The volley of spikes hits you but does no damage.
Casting: Stone Arrow (safe; 1% risk of failure)
Confirm with . or Enter, or press ? or * to list all spells.
Aiming: Stone Arrow (safe; 1% risk of failure)
Press: ? - help, Shift-Dir - straight line, f/p - Snorg
Aim: Snorg (heavily wounded, 78% to hit)
You feel a surge of power!
The stone arrow hits Snorg!
Snorg is severely wounded.
The cyclops throws a large rock.
The large rock hits you!!
The manticore flicks its tail.
The volley of spikes hits you!!
The barbed spikes become lodged in your body.
* * * LOW HITPOINT WARNING * * *
Casting: Stone Arrow (safe; 1% risk of failure)
Confirm with . or Enter, or press ? or * to list all spells.
Aiming: Stone Arrow (safe; 1% risk of failure)
Press: ? - help, Shift-Dir - straight line, f/p - Snorg
Aim: Snorg (severely wounded, 78% to hit)
You feel a surge of power!
The stone arrow misses Snorg.
The cyclops throws a large rock.
The large rock hits you!!
You die...

. ....#............
##.
#..............!.
.(..#.
#........H...
...)#.##..........#
#..........$.....#
##................#
......)......T....#
#......@....#
#...........##
##...........#
#>..#.####..#
#...#.# .# #.
#.#...# # #.
##.##..# #.#
#C.###..#
####.###..###....


You could see Snorg, a manticore and a cyclops.

Vanquished Creatures
  Pikel (D:7)
  2 hornets (D:9)
  Prince Ribbit (D:5)
  3 wyverns
  A basilisk (D:10)
  A wraith (D:9)
  Eustachio (D:5)
  5 water moccasins
  4 orc warriors
  2 sky beasts (D:5)
  4 black bears
  An ogre (D:4)
  2 phantoms
  2 wolves (D:10)
  6 centaurs
  2 lemures (D:7)
  Blork the orc (D:5)
  2 gnoll sergeants
  4 bullfrogs
  2 scorpions (D:4)
  20 killer bees
  7 wights
  4 howler monkeys
  4 hounds
  4 orc priests
  3 centaur zombies
  Crazy Yiuf (D:7)
  A centaur skeleton (D:6)
  2 gnoll shamans
  2 iguanas (D:6)
  8 orc wizards
  A hound skeleton (D:4)
  23 gnolls
  14 adders
  A shadow imp (D:6)
  A white imp (D:6)
  2 ufetubi
  An adder skeleton (D:4)
  4 worms
  22 orcs
  20 ball pythons
  12 endoplasms
  17 giant cockroaches
  6 goblins
  8 hobgoblins
  6 jackals
  10 kobolds
  9 quokkas
  5 bats
  7 frilled lizards
  5 rats
277 creatures vanquished.

Vanquished Creatures (others)
  2 fungi (D:10)
  26 plants
28 creatures vanquished.

Grand Total: 305 creatures vanquished

Notes
Turn   | Place    | Note
-------+----------+-------------------------------------------
     0 | D:1      | protoss039 the Deep Elf Earth Elementalist began the quest
                  | for the Orb.
     0 | D:1      | Reached XP level 1. HP: 10/10 MP: 6/6
    40 | D:1      | Found a faded altar of an unknown god.
   343 | D:1      | Reached XP level 2. HP: 3/15 MP: 2/8
  1680 | D:1      | Learned a level 2 spell: Passwall
  1691 | D:2      | Reached XP level 3. HP: 19/19 MP: 10/10
  2657 | D:2      | Reached skill level 4 in Spellcasting
  3152 | D:2      | Learned a level 3 spell: Stone Arrow
  3375 | D:3      | Reached XP level 4. HP: 19/24 MP: 10/12
  3694 | D:3      | Found a white marble altar of Elyvilon.
  3711 | D:3      | Reached skill level 5 in Spellcasting
  3743 | D:3      | Reached XP level 5. HP: 18/28 MP: 9/14
  4047 | D:3      | Found a burning altar of Makhleb.
  4126 | D:3      | Noticed a centaur
  4130 | D:3      | Killed a centaur
  4131 | D:3      | Reached skill level 5 in Earth Magic
  4604 | D:4      | Reached skill level 6 in Spellcasting
  4611 | D:4      | Reached skill level 1 in Conjurations
  4611 | D:4      | Reached XP level 6. HP: 12/32 MP: 3/17
  4705 | D:4      | Found a glowing drain.
  4723 | Sewer    | Entered a sewer
  6355 | D:4      | Learned a level 4 spell: Petrify
  6373 | D:4      | Found an opulent altar of Gozag.
  6395 | D:4      | Reached skill level 7 in Spellcasting
  6557 | D:4      | Reached XP level 7. HP: 36/37 MP: 9/19
  7084 | D:4      | Reached skill level 1 in Fighting
  7957 | D:4      | Learned a level 4 spell: Olgreb's Toxic Radiance
  7958 | D:5      | Entered Level 5 of the Dungeon
  8143 | D:5      | Reached skill level 8 in Spellcasting
  8143 | D:5      | Reached skill level 1 in Poison Magic
  8143 | D:5      | Reached XP level 8. HP: 44/44 MP: 15/22
  8312 | D:5      | Found a staircase to the Ecumenical Temple.
  8325 | Temple   | Entered the Ecumenical Temple
  8633 | D:5      | Noticed Prince Ribbit
  8637 | D:5      | Killed Prince Ribbit
  8677 | D:5      | Noticed Eustachio
  8737 | D:5      | Killed Eustachio
  8785 | D:5      | Reached skill level 9 in Spellcasting
  9129 | D:5      | Noticed Blork the orc
  9131 | D:5      | Killed Blork the orc
 10136 | D:6      | Reached XP level 9. HP: 48/48 MP: 17/24
 10139 | D:6      | Reached skill level 5 in Conjurations
 10295 | D:6      | Reached skill level 10 in Spellcasting
 10858 | D:7      | Found a shimmering blue altar of Sif Muna.
 10867 | D:7      | Became a worshipper of Sif Muna the Loreminder
 11090 | D:7      | Reached skill level 1 in Invocations
 11296 | D:7      | Noticed Pikel
 11303 | D:7      | Killed Pikel
 11408 | D:7      | Found a runed translucent door.
 11409 | D:7      | Noticed Crazy Yiuf
 11942 | D:7      | Killed Crazy Yiuf
 12010 | D:8      | Reached skill level 11 in Spellcasting
 13184 | D:9      | Found Kanu's General Store.
 13188 | D:9      | Found Yruiczar's Specific Store.
 13196 | D:9      | Bought a scroll of teleportation for 42 gold pieces
 13321 | D:9      | Reached XP level 10. HP: 56/56 MP: 23/27
 13369 | D:9      | Reached * piety under Sif Muna
 13551 | D:9      | Reached skill level 12 in Spellcasting
 14148 | D:10     | Entered Level 10 of the Dungeon
 14305 | D:10     | Reached skill level 5 in Invocations
 14771 | D:10     | Reached skill level 1 in Long Blades
 14984 | D:10     | Identified the +12 great sword of Imysm {protect, rPois
                  | Will+ rCorr Str-4}
 15010 | D:10     | Reached skill level 1 in Bows
 15232 | D:10     | Found a staircase to the Lair.
 15468 | D:10     | Reached ** piety under Sif Muna
 15959 | D:11     | Noticed Snorg
 16033 | D:11     | Noticed a manticore
 16034 | D:11     | Noticed a cyclops
 16037 | D:11     | Hit by a large rock thrown by a cyclops

Illustrated notes

Levels and vault maps discovered:
D:1:      minmay_arrival_diagonal_passages, layout_basic,
          shapermc_ecumenical_altar_mp_highgroup, serial_bayou_pond_c,
          minmay_fountain_box, hex_large
D:2:      layout_basic, hangedman_decor_points
D:3:      layout_loops_ring, bloody_makhleb, elyvilon_altar_3,
          kennysheep_generic_room_13
D:4:      layout_cave_pods, nicolae_overflow_crystal_walls, serial_forest,
          infiniplex_forest_split, infiniplex_forest_zigzag_1,
          infiniplex_forest_clump_diagonal, infiniplex_forest_lined_3_way,
          infiniplex_forest_clump_curved, infiniplex_forest_straight_2,
          infiniplex_forest_lined_room_2, infiniplex_forest_clump_diagonal,
          infiniplex_forest_zigzag_1, cheibrodos_sewer_entry_drain,
          minmay_manual_monstrance
D:5:      wander_river, layout_loops_ring, minmay_temple_entry_drinking_statues,
          uniq_blork_the_orc, uniq_prince_ribbit1, uniq_eustachio
D:6:      layout_rooms, minivault_22, dk_noncrumbling_3
D:7:      layout_cave_pools, kennysheep_orc_sif_temple, uniq_pikel,
          uniq_crazy_yiuf_cottage
D:8:      layout_basic
D:9:      layout_irregular_city, nicolae_specific_store
D:10:     layout_basic, minmay_lair_entry_grove
D:11:     layout_rooms, uniq_snorg
Temple:   dpeg_five_rooms_temple

Skill      XL: |  1  2  3  4  5  6  7  8  9 10 |
---------------+-------------------------------+-----
Stealth        | 3 |  3.0
Earth Magic    | 4 5 6 7 9 |  9.1
Dodging        | 3 |  3.0
Spellcasting   | 4 5 6 7 8 9 11 12 | 12.0
Conjurations   | 1 2 3 4 6 |  6.0
Fighting       | 1 2 3 4 |  4.0
Transmutations | 2 |  2.0
Poison Magic   | 1 3 4 |  4.0
Invocations    | 2 8 |  8.1
Long Blades    | 1 |  1.5
Bows           | 1 |  1.1
Axes           | |  0.3
Maces & Flails | |  0.5
Slings         | |  0.4
Crossbows      | |  0.4
Hexes          | |  0.5
Summonings     | |  0.3
Necromancy     | |  0.4
Translocations | |  0.6
Fire Magic     | |  0.5
Air Magic      | |  0.2

Action                   |  1- 3 |  4- 6 |  7- 9 | 10-12 || total
-------------------------+-------+-------+-------+-------++-------
Melee: Dagger            |    45 |       |       |       ||    45
       Unarmed           |     2 |       |       |       ||     2
       Spear             |    84 |       |       |       ||    84
       Punch             |     2 |     2 |     1 |       ||     5
       Short sword       |       |   136 |    45 |       ||   181
       Great sword       |       |       |       |     3 ||     3
 Cast: Sandblast         |    44 |    20 |    25 |    21 ||   110
       Stone Arrow       |       |    53 |   133 |    81 ||   267
       Petrify           |       |       |     1 |     2 ||     3
       Passwall          |       |       |     1 |       ||     1
       Olgreb's Toxic Ra |       |       |       |     4 ||     4
  Use: Scroll            |       |       |     7 |     2 ||     9
 Stab: Sleeping          |     7 |       |       |       ||     7
Armor: Robe              |    23 |    33 |    10 |    17 ||    83
Dodge: Dodged            |   100 |   119 |    33 |    28 ||   280
Block: Other             |       |       |     9 |    17 ||    26
       Reflection        |       |       |     2 |     1 ||     3
